[Event "Titled Tuesday Blitz August 09 Early 2022"]
[White "Blanco Ronquillo, Humberto L."]
[Black "Unat, Can Haktan"]
[WhiteFideId "3504239"]
[BlackFideId "6398073"]
[WhiteElo "2425"]
[BlackElo "1971"]
[Result "0-1"]
[Round "01"]
[TimeControl "180+1"]
[Date "2022.08.09"]
[WhiteClock "0:00:03"]
[BlackClock "0:00:20"]

1. d4 Nf6 2. c4 e6 3. Nf3 d5 4. Nc3 Bb4 5. cxd5 exd5 6. Qa4+ Nc6 7. Bg5 h6 8. Bxf6 Qxf6 9. e3 O-O 10. Be2 Be6 11. O-O a6 12. Rfc1 Bd6 13. Qd1 g5 14. Nd2 Ne7 15. Nf1 Qg7 16. Na4 g4 17. Nc5 Bc8 18. Ng3 Qg5 19. e4 b6 20. Nd3 Bxg3 21. hxg3 dxe4 22. Nf4 c6 23. Qb3 Rb8 24. Qa3 a5 25. Qd6 Be6 26. Nxe6 fxe6 27. Qxe6+ Kg7 28. Qxg4 Rbd8 29. Rd1 Qxg4 30. Bxg4 Nd5 31. Rac1 Rf6 32. a3 e3 33. f4 Rg6 34. Bf3 Rxg3 35. Rxc6 Nxf4 36. Re1 e2 37. d5 h5 38. Rxb6 h4 39. Kh2 Re8 40. d6 Rd8 41. b4 a4 42. b5 Kf6 43. d7+ Kf7 44. Bxe2 Rxg2+ 45. Kh1 Rxe2 46. Rf1 Re4 47. Rh6 Ke7 48. Rxh4 Rf8 49. b6 Kxd7 50. b7 Kc7 51. Rh7+ Kb8 52. Rb1 Ne2 53. Rh6 Ng3+ 54. Kg2 Ne2 55. Ra6 Rg4+ 56. Kh3 Rg3+ 57. Kh4 Rh8+ 0-1


[Site "https://www.chess.com"]

[Event "Titled Tuesday Blitz August 09 Early 2022"]
[White "Bortnyk, Olexandr"]
[Black "Sellitti, Federico"]
[WhiteFideId "14120828"]
[BlackFideId "821829"]
[WhiteElo "2723"]
[BlackElo "2518"]
[Result "1-0"]
[Round "01"]
[TimeControl "180+1"]
[Date "2022.08.09"]
[WhiteClock "0:01:11"]
[BlackClock "0:00:04"]

1. d4 d5 2. Nc3 c5 3. e4 dxe4 4. d5 Nf6 5. Bf4 g6 6. Nge2 Bg7 7. Ng3 O-O 8. Qd2 Nbd7 9. O-O-O Qa5 10. Kb1 Nb6 11. Qe1 Bg4 12. Be2 Bxe2 13. Qxe2 Rfd8 14. Bd2 Na4 15. Qc4 Nxc3+ 16. Bxc3 Qa6 17. Qxa6 bxa6 18. Bxf6 Bxf6 19. Nxe4 Be5 20. Nxc5 Rab8 21. b3 a5 22. c4 Bg7 23. Kc2 Rdc8 24. Na4 Rb4 25. Rhe1 Bf6 26. d6 exd6 27. Rxd6 Kg7 28. Rd7 Rcxc4+ 29. bxc4 Rxa4 30. Kd3 Rxa2 31. c5 Ra3+ 32. Kc4 Rc3+ 33. Kb5 a4 34. Rxa7 Bd4 35. Rc7 a3 36. Re2 Rb3+ 37. Kc4 Rb2 38. Rxb2 axb2 39. Rb7 1-0


[Site "https://www.chess.com"]

[Event "Titled Tuesday Blitz August 09 Early 2022"]
[White "Bristy, Mukherjee"]
[Black "Stoleriu, George"]
[WhiteFideId "25077325"]
[BlackFideId "1227505"]
[WhiteElo "1661"]
[BlackElo "2194"]
[Result "1-0"]
[Round "01"]
[TimeControl "180+1"]
[Date "2022.08.09"]
[WhiteClock "0:01:05"]
[BlackClock "0:00:04"]

1. d4 e6 2. c3 Nf6 3. Bg5 h6 4. Bh4 b6 5. Nd2 Bb7 6. Ngf3 d6 7. e3 Nbd7 8. Bd3 g5 9. Bg3 Bg7 10. h4 g4 11. Nh2 h5 12. Rg1 Qe7 13. Qa4 O-O 14. f3 e5 15. O-O-O Nd5 16. Rde1 f5 17. fxg4 hxg4 18. e4 Nf4 19. Bxf4 exf4 20. exf5 Qxh4 21. Qxd7 Qxh2 22. Bc4+ d5 23. Bxd5+ Bxd5 24. Qxd5+ Rf7 25. Qxa8+ Bf8 26. Rh1 Qg3 27. Ne4 Qd3 28. Ng5 Rxf5 29. Ne6 Qc4 30. Nxf8 Kf7 31. Qe8+ Kg7 32. Qg6+ Kxf8 33. Rh8+ 1-0


[Site "https://www.chess.com"]

[Event "Titled Tuesday Blitz August 09 Early 2022"]
[White "Buscar, Michael"]
[Black "Malek, Jan"]
[WhiteFideId "2603616"]
[BlackFideId "21864080"]
[WhiteElo "2010"]
[BlackElo "2143"]
[Result "1-0"]
[Round "01"]
[TimeControl "180+1"]
[Date "2022.08.09"]
[WhiteClock "0:00:17"]
[BlackClock "0:00:12"]

1. c4 Nf6 2. Nf3 e6 3. d4 d5 4. Nc3 c5 5. e3 Nc6 6. Bd3 cxd4 7. exd4 dxc4 8. Bxc4 a6 9. O-O b5 10. Bd3 Be7 11. a3 Bb7 12. Bc2 Rc8 13. Qd3 b4 14. Ne4 Nxe4 15. Qxe4 Qd7 16. Qg4 Bf6 17. Be3 h5 18. Qf4 Ne7 19. Bb3 Ng6 20. Qg3 Be4 21. Ne5 Bxe5 22. dxe5 Qb7 23. axb4 Qxb4 24. Ba4+ Bc6 25. Rfc1 Qb7 26. Rxc6 Rxc6 27. Rc1 Ne7 28. Qxg7 Rg8 29. Bxc6+ Qxc6 30. Qxg8+ 1-0


[Site "https://www.chess.com"]

[Event "Titled Tuesday Blitz August 09 Early 2022"]
[White "Can, Melih Kaan"]
[Black "Ibarra Jerez, Jose Carlos"]
[WhiteFideId "6317383"]
[BlackFideId "2226332"]
[WhiteElo "2049"]
[BlackElo "2628"]
[Result "1/2-1/2"]
[Round "01"]
[TimeControl "180+1"]
[Date "2022.08.09"]
[WhiteClock "0:00:03"]
[BlackClock "0:00:04"]

1. d4 Nf6 2. c4 d6 3. Nc3 e5 4. g3 exd4 5. Qxd4 Nc6 6. Qd3 g6 7. Bg2 Bg7 8. Nf3 O-O 9. O-O Re8 10. b3 Bf5 11. Qd1 Ne4 12. Nxe4 Bxe4 13. Bg5 Qd7 14. Rc1 Bb2 15. Qd2 Bxc1 16. Rxc1 Qe6 17. Bh6 f6 18. h4 Rad8 19. Kh2 Ne5 20. Nd4 Ng4+ 21. Kg1 Qf7 22. f3 Nxh6 23. Qxh6 c5 24. fxe4 cxd4 25. Rd1 f5 26. Rxd4 Qf6 27. Qd2 fxe4 28. Bxe4 b6 29. Bd5+ Kg7 30. Rf4 Qa1+ 31. Kg2 Rf8 32. Rxf8 Rxf8 33. Bf3 Qe5 34. Qd3 Re8 35. a3 a5 36. b4 axb4 37. axb4 Re7 38. b5 Ra7 39. Qd2 Ra3 40. Qb4 Rc3 41. Qa4 Rc1 42. Qa7+ Kh6 43. Qxb6 Rxc4 44. Qa7 Rb4 45. b6 Qd4 46. Qe7 Rxb6 47. Qf8+ Qg7 48. Qf4+ g5 49. hxg5+ Qxg5 50. Qf8+ Qg7 51. Qf4+ Qg5 52. Qf8+ Qg7 53. Qf4+ Qg5 1/2-1/2


[Site "https://www.chess.com"]

[Event "Titled Tuesday Blitz August 09 Early 2022"]
[White "Carlsson, Ludvig"]
[Black "Shimanov, Aleksandr"]
[WhiteFideId "1727010"]
[BlackFideId "4198603"]
[WhiteElo "2195"]
[BlackElo "2605"]
[Result "1-0"]
[Round "01"]
[TimeControl "180+1"]
[Date "2022.08.09"]
[WhiteClock "0:00:18"]
[BlackClock "0:00:04"]

1. d4 Nf6 2. c4 g6 3. Nf3 Bg7 4. g3 O-O 5. Bg2 d6 6. O-O Nc6 7. Nc3 e5 8. dxe5 dxe5 9. Qxd8 Rxd8 10. Bg5 h6 11. Bxf6 Bxf6 12. Nd5 Kg7 13. Nxc7 Rb8 14. Nd5 e4 15. Nd2 e3 16. fxe3 Bxb2 17. Rab1 Ba3 18. Rb3 Bc5 19. Ne4 Bf8 20. Rb5 Ne5 21. Nc7 Nc6 22. Nf6 Bf5 23. g4 a6 24. Nfe8+ Kh8 25. Rxb7 Rxb7 26. gxf5 Rb6 27. fxg6 Ne5 28. gxf7 Rd7 29. Bd5 Re7 30. h3 Rg6+ 31. Kh2 Nd7 32. e4 Ne5 33. Rf5 Nd7 34. a4 a5 35. h4 Ne5 36. Kh3 h5 37. Rxh5+ Rh6 38. Rg5 Ng6 39. h5 Nf4+ 40. Kg4 Nxd5 41. cxd5 Rxf7 42. e5 Be7 43. Rf5 Rxf5 44. Kxf5 Rxh5+ 45. Ke6 Bb4 46. d6 Rh2 47. d7 1-0


[Site "https://www.chess.com"]

[Event "Titled Tuesday Blitz August 09 Early 2022"]
[White "Chernomordik, Pavel"]
[Black "Bryakin, Mikhail"]
[WhiteFideId "2804530"]
[BlackFideId "4165314"]
[WhiteElo "2217"]
[BlackElo "2353"]
[Result "0-1"]
[Round "01"]
[TimeControl "180+1"]
[Date "2022.08.09"]
[WhiteClock "0:00:01"]
[BlackClock "0:00:04"]

1. e4 Nf6 2. Nc3 d6 3. d4 g6 4. Bg5 Bg7 5. Qd2 c6 6. O-O-O Qa5 7. Kb1 h6 8. Bh4 Nbd7 9. f4 e5 10. fxe5 dxe5 11. Nf3 O-O 12. dxe5 Nxe5 13. Bxf6 Bxf6 14. Nd5 Qxd2 15. Nxf6+ Kg7 16. Nh5+ gxh5 17. Rxd2 Ng6 18. Bd3 Be6 19. Rf1 Rad8 20. Rdf2 c5 21. e5 b6 22. Be4 Ne7 23. c3 Nd5 24. Nh4 Ne3 25. Re1 Ng4 26. Nf5+ Kh8 27. Rf4 Nxe5 28. Nxh6 Ng4 29. Nxg4 hxg4 30. Bf5 Bxf5+ 31. Rxf5 Rd2 32. Ree5 Rxg2 33. Rg5 f6 34. Rh5+ Kg7 35. Re7+ Kg6 36. Rhh7 Rd8 37. Rhg7+ Kf5 0-1


[Site "https://www.chess.com"]

[Event "Titled Tuesday Blitz August 09 Early 2022"]
[White "Chigaev, Maksim"]
[Black "Cervantes Landeiro, Thalia"]
[WhiteFideId "4108116"]
[BlackFideId "3520498"]
[WhiteElo "2487"]
[BlackElo "2040"]
[Result "1-0"]
[Round "01"]
[TimeControl "180+1"]
[Date "2022.08.09"]
[WhiteClock "0:00:11"]
[BlackClock "0:00:10"]

1. e4 c5 2. Nf3 d6 3. Bb5+ Nd7 4. d4 cxd4 5. Qxd4 a6 6. Be2 Ngf6 7. O-O e5 8. Qe3 Be7 9. c4 O-O 10. Nc3 Nc5 11. Rd1 Qc7 12. b3 Bg4 13. Bb2 b6 14. Rac1 Qb7 15. h3 Be6 16. Nd2 a5 17. Nd5 Nxd5 18. cxd5 Bd7 19. Ba3 f5 20. exf5 Rxf5 21. Bxc5 bxc5 22. Ne4 a4 23. Bg4 Rf7 24. Be6 Bxe6 25. dxe6 Rf5 26. Rxd6 axb3 27. Rd7 Qa6 28. Qxb3 Re8 29. a4 Qe2 30. Qc4 Qb2 31. Rf1 Rf4 32. Qd5 Qe2 33. Rxe7 Rxe7 34. Qd8+ Rf8 35. Nf6+ gxf6 36. Qxe7 Qc4 37. Qd7 Qd4 38. Rd1 Qxd7 39. exd7 Rd8 40. a5 Kf7 41. a6 Ke7 42. a7 Ra8 43. d8=Q+ 1-0


[Site "https://www.chess.com"]

[Event "Titled Tuesday Blitz August 09 Early 2022"]
[White "Chyzy, Jakub"]
[Black "Butti, Enrique"]
[WhiteFideId "21806209"]
[BlackFideId "3700470"]
[WhiteElo "2023"]
[BlackElo "2080"]
[Result "1-0"]
[Round "01"]
[TimeControl "180+1"]
[Date "2022.08.09"]
[WhiteClock "0:00:50"]
[BlackClock "0:01:11"]

1. b3 e5 2. Bb2 d6 3. e3 f5 4. d4 e4 5. d5 Nf6 6. c4 c5 7. Ne2 Na6 8. Nf4 Nc7 9. h4 g6 10. h5 g5 11. Nh3 h6 12. Nd2 Bg7 13. Be2 O-O 14. Qc2 Bd7 15. O-O-O a6 16. f3 exf3 17. gxf3 b5 18. e4 fxe4 19. fxe4 Qe8 20. e5 dxe5 21. Nxg5 hxg5 22. h6 Bh8 23. h7+ Kf7 24. Ne4 Ke7 25. d6+ Kd8 26. dxc7+ Kxc7 27. Nxc5 Kb6 28. Rd6+ Kxc5 29. Ba3+ b4 30. Bxb4+ Kxb4 31. Qd2+ 1-0


[Site "https://www.chess.com"]

[Event "Titled Tuesday Blitz August 09 Early 2022"]
[White "Concio, Michael Jr."]
[Black "Bychkov, Vladimir"]
[WhiteFideId "5217873"]
[BlackFideId "24151513"]
[WhiteElo "1896"]
[BlackElo "2197"]
[Result "1-0"]
[Round "01"]
[TimeControl "180+1"]
[Date "2022.08.09"]
[WhiteClock "0:00:12"]
[BlackClock "0:00:10"]

1. Nf3 d5 2. c4 c6 3. b3 Nf6 4. Bb2 h6 5. e3 Bf5 6. Be2 e6 7. O-O Be7 8. d3 Nbd7 9. Nbd2 O-O 10. Qc2 a5 11. Rab1 a4 12. b4 a3 13. Ba1 dxc4 14. Nxc4 Bh7 15. Rfd1 Nd5 16. b5 c5 17. Nfe5 Nxe5 18. Nxe5 Bf6 19. Qxc5 Rc8 20. Qxa3 Rc2 21. Bf3 Qc7 22. b6 Qd8 23. Qb3 Qc8 24. Nc4 Rc3 25. Bxc3 Nxc3 26. Nd6 Qd7 27. Nxb7 Nxb1 28. Qxb1 Rb8 29. Qb3 Rxb7 30. Bxb7 Qxb7 31. a4 Bf5 32. a5 Bg4 33. Rc1 Be5 34. Qb5 f6 35. a6 Qf7 36. a7 Kh7 37. a8=Q Qg6 38. Qae8 Qg5 39. d4 Bf3 40. Qf1 Bd6 41. Qeb5 Qh4 42. Qbd3+ g6 43. g3 Qg4 44. b7 Bxb7 45. Rb1 Be4 46. Qxe4 Qxe4 47. Rc1 f5 48. Rd1 Qd5 49. Qg2 g5 50. Qxd5 exd5 51. Rb1 Kg6 52. Rb5 Kf6 53. Rxd5 Ke6 54. Rb5 Be7 55. Rb6+ Bd6 56. Kg2 Kd5 57. h3 g4 58. hxg4 fxg4 59. Rb5+ Ke6 60. Rh5 Be7 61. Rxh6+ Kf5 62. Rh5+ Ke4 63. Re5+ Kd3 64. Rxe7 1-0


[Site "https://www.chess.com"]

[Event "Titled Tuesday Blitz August 09 Early 2022"]
[White "Danielyan, Vahe"]
[Black "Drygalov, Sergey"]
[WhiteFideId "13304828"]
[BlackFideId "24171743"]
[WhiteElo "2421"]
[BlackElo "2523"]
[Result "0-1"]
[Round "01"]
[TimeControl "180+1"]
[Date "2022.08.09"]
[WhiteClock "0:00:05"]
[BlackClock "0:00:17"]

1. e4 c5 2. Nf3 d6 3. Bb5+ Nd7 4. Ba4 Nf6 5. O-O a6 6. c4 e6 7. Nc3 Be7 8. a3 O-O 9. Rb1 Ne5 10. d3 Bd7 11. Bxd7 Qxd7 12. b4 b6 13. h3 Rab8 14. Be3 Rfc8 15. b5 a5 16. Bf4 Qc7 17. Na4 Rd8 18. Qe2 Nfd7 19. Bg3 Bf6 20. Nh2 Ng6 21. f4 Re8 22. Ng4 Bd4+ 23. Kh2 f5 24. Ne3 Nf6 25. Nc2 fxe4 26. dxe4 e5 27. f5 Nf8 28. Qf3 Qf7 29. Bh4 Qxc4 30. Nxd4 exd4 31. Bxf6 gxf6 32. Nb2 Qf7 33. Nd3 Kh8 34. Qg3 Rbd8 35. Rbe1 Nd7 36. Nf4 Rg8 37. Qh4 Rde8 38. Nd5 Re5 39. Nf4 Ree8 40. Nd5 Qg7 41. Rf2 Qg5 42. Qxg5 Rxg5 43. Nc7 Re7 44. Ne6 Rg8 45. g4 Ne5 46. Rg1 d3 47. Nf4 c4 48. Nd5 Rf7 49. a4 Rc8 50. Nxb6 Rc5 51. g5 fxg5 52. Rxg5 c3 53. Nd5 c2 54. Rg1 c1=Q 55. Rxc1 Rxc1 56. b6 Rc2 0-1


[Site "https://www.chess.com"]

[Event "Titled Tuesday Blitz August 09 Early 2022"]
[White "Delaney, Killian"]
[Black "Kuznetsova, Olga"]
[WhiteFideId "2501570"]
[BlackFideId "4191323"]
[WhiteElo "2254"]
[BlackElo "2134"]
[Result "1-0"]
[Round "01"]
[TimeControl "180+1"]
[Date "2022.08.09"]
[WhiteClock "0:00:07"]
[BlackClock "0:00:15"]

1. d4 Nf6 2. g4 Nxg4 3. e4 Nf6 4. e5 Nd5 5. c4 Nb6 6. a4 a5 7. c5 Nd5 8. Bc4 e6 9. Nf3 d6 10. cxd6 cxd6 11. Nc3 Nb6 12. Bd3 Nc6 13. Qe2 dxe5 14. dxe5 Bb4 15. Rg1 g6 16. h4 Bd7 17. Bg5 Qc7 18. Bf6 Rg8 19. O-O-O Bxc3 20. bxc3 Nb4 21. Kd2 N4d5 22. Rc1 Nxf6 23. exf6 O-O-O 24. Ne5 Bc6 25. Ke1 Rd5 26. f4 Rgd8 27. h5 Be8 28. hxg6 hxg6 29. c4 Rc5 30. Rb1 Nxa4 31. Be4 Nc3 32. Rxb7 Nxe2 33. Rxc7+ Kxc7 34. Kxe2 Rb8 35. Rh1 a4 36. Rh7 a3 37. Bxg6 a2 38. Bxf7 Bxf7 39. Rxf7+ Kb6 40. Nd7+ Ka5 41. Nxb8 Kb4 42. Ra7 Kb3 43. Rxa2 Kxa2 44. f7 Rc8 45. Nd7 Kb3 46. f8=Q Rxf8 47. Nxf8 Kxc4 48. Ke3 Kd5 49. Ng6 Kd6 50. Ke4 Kd7 51. Ke5 Ke8 52. Kxe6 1-0


[Site "https://www.chess.com"]

[Event "Titled Tuesday Blitz August 09 Early 2022"]
[White "Demchenko, Anton"]
[Black "Thorhallsson, Simon"]
[WhiteFideId "4160258"]
[BlackFideId "2310090"]
[WhiteElo "2539"]
[BlackElo "2137"]
[Result "1-0"]
[Round "01"]
[TimeControl "180+1"]
[Date "2022.08.09"]
[WhiteClock "0:00:27"]
[BlackClock "0:00:02"]

1. e4 d5 2. exd5 Qxd5 3. Nc3 Qd6 4. g3 Nf6 5. Bg2 c6 6. Nge2 Bg4 7. h3 Bxe2 8. Nxe2 e6 9. d4 Be7 10. O-O O-O 11. c3 Na6 12. Qb3 Qd7 13. Nf4 Rab8 14. Nd3 c5 15. Bf4 Bd6 16. Bg5 cxd4 17. Bxf6 gxf6 18. cxd4 Bc7 19. d5 Rfd8 20. Qc4 exd5 21. Qh4 Qf5 22. Rad1 b6 23. b4 Be5 24. Rfe1 Bc3 25. Re3 Nc7 26. Nf4 d4 27. Be4 dxe3 28. Rxd8+ Rxd8 29. Bxf5 Bd4 30. Qxh7+ Kf8 31. fxe3 Bxe3+ 32. Kf1 Rd4 33. Qh6+ Ke7 34. Ng6+ Kd6 35. Qxe3 Rd1+ 36. Ke2 Rd5 37. Qf4+ Kc6 38. Ne7+ Kb7 39. Qxc7+ Kxc7 40. Nxd5+ Kd6 41. Ne3 a5 42. bxa5 bxa5 43. h4 a4 44. h5 Ke7 45. h6 Kf8 46. a3 Kg8 47. Kf3 Kh8 48. Kf4 Kg8 49. Ke4 Kh8 50. Kd4 Kg8 51. Kc4 Kh8 52. Kb4 Kg8 53. Kxa4 Kf8 54. Kb5 Ke7 55. a4 Kf8 56. Kc6 Ke7 57. Nd5+ Kf8 58. a5 Ke8 59. a6 Kd8 60. a7 Ke8 61. Kd6 Kf8 62. g4 Kg8 63. Kc6 Kf8 64. a8=Q# 1-0


[Site "https://www.chess.com"]

[Event "Titled Tuesday Blitz August 09 Early 2022"]
[White "Dev, Shah"]
[Black "Orzech, Dominik"]
[WhiteFideId "35019058"]
[BlackFideId "1115065"]
[WhiteElo "2048"]
[BlackElo "2272"]
[Result "1-0"]
[Round "01"]
[TimeControl "180+1"]
[Date "2022.08.09"]
[WhiteClock "0:00:13"]
[BlackClock "0:00:10"]

1. d4 f6 2. e4 e6 3. c4 d5 4. cxd5 exd5 5. Qh5+ g6 6. Qxd5 Qe7 7. Nc3 Nc6 8. Bb5 Bd7 9. Be3 O-O-O 10. Qb3 Be6 11. d5 Bf7 12. Qa4 Nb4 13. Qxa7 c6 14. Qa8+ Kc7 15. Bf4+ Kb6 16. Be3+ Kc7 17. Qa5+ Kc8 18. dxc6 Nc2+ 19. Ke2 Nxa1 20. cxb7+ Qxb7 21. Ba6 Bc4+ 22. Bxc4 Bb4 23. Qa4 Kb8 24. Nb5 Ne7 25. Bf4+ Kc8 26. Be6+ Rd7 27. Qxb4 Kd8 28. Bxd7 Qxd7 29. Nf3 Nc2 30. Qc5 Ke8 31. Nd6+ Kf8 32. Qxc2 Kg7 33. Rd1 Qa7 34. Kf1 Ra8 35. e5 f5 36. Kg1 Qa6 37. e6 Qxa2 38. Qc3+ Kg8 39. Qf6 Nc6 40. Qf7+ Kh8 41. Ng5 1-0


[Site "https://www.chess.com"]

[Event "Titled Tuesday Blitz August 09 Early 2022"]
[White "Devaev, Alexander"]
[Black "Boros, Denes"]
[WhiteFideId "4169395"]
[BlackFideId "722340"]
[WhiteElo "2185"]
[BlackElo "2464"]
[Result "1-0"]
[Round "01"]
[TimeControl "180+1"]
[Date "2022.08.09"]
[WhiteClock "0:00:51"]
[BlackClock "0:01:32"]

1. d4 c6 2. c4 Nf6 3. Nf3 d6 4. Nc3 Bf5 5. Nh4 Bg4 6. h3 Bd7 7. Nf3 Qc7 8. e4 e5 9. d5 Be7 10. Be3 Na6 11. Be2 O-O 12. O-O Kh8 13. a3 Rfe8 14. Nd2 Bf8 15. Rc1 c5 16. Rb1 g6 17. b4 Bg7 18. Nb5 Qb8 19. Qc2 b6 20. Nc3 Ng8 21. Bg4 Qc8 22. Bxd7 Qxd7 23. bxc5 Nxc5 24. Bxc5 dxc5 25. a4 Ne7 26. a5 Nc8 27. Rb3 Bh6 28. Rfb1 Nd6 29. axb6 axb6 30. Nb5 Bxd2 31. Nxd6 Qxd6 32. Rxb6 Qd7 33. Qxd2 Qa4 34. Qc3 Kg8 35. R6b5 Rac8 36. Ra1 1-0


[Site "https://www.chess.com"]

[Event "Titled Tuesday Blitz August 09 Early 2022"]
[White "Djokic, Mihailo"]
[Black "Mika, Tomasz"]
[WhiteFideId "976440"]
[BlackFideId "1132970"]
[WhiteElo "2246"]
[BlackElo "2126"]
[Result "1-0"]
[Round "01"]
[TimeControl "180+1"]
[Date "2022.08.09"]
[WhiteClock "0:01:08"]
[BlackClock "0:00:06"]

1. e4 c6 2. d4 d5 3. e5 Bf5 4. h4 h5 5. Bg5 Qb6 6. Bd3 Qxd4 7. Nf3 Qg4 8. Bxf5 Qxf5 9. O-O f6 10. c4 fxg5 11. Qb3 Nd7 12. cxd5 g4 13. Ng5 Nxe5 14. Qxb7 Qc8 15. Qb3 Rb8 16. Qg3 Ng6 17. Nc3 Nf6 18. dxc6 e5 19. Rfe1 Bd6 20. Qd3 O-O 21. Qxg6 Rxb2 22. Nce4 Be7 23. Nxf6+ Rxf6 24. Qh7+ Kf8 25. Qh8# 1-0


[Site "https://www.chess.com"]

[Event "Titled Tuesday Blitz August 09 Early 2022"]
[White "Donchenko, Alexander"]
[Black "Reprintsev, Alexander"]
[WhiteFideId "24603295"]
[BlackFideId "14100541"]
[WhiteElo "2572"]
[BlackElo "2108"]
[Result "1-0"]
[Round "01"]
[TimeControl "180+1"]
[Date "2022.08.09"]
[WhiteClock "0:02:00"]
[BlackClock "0:00:10"]

1. Nf3 d5 2. d4 Nc6 3. Bf4 Bg4 4. e3 e6 5. Bb5 Bd6 6. h3 Bf5 7. Ne5 Ne7 8. Nd2 O-O 9. Bxc6 bxc6 10. O-O f6 11. Nd3 Bxd3 12. cxd3 Bxf4 13. exf4 Qd6 14. g3 c5 15. dxc5 Qxc5 16. Rc1 Qb6 17. Nb3 e5 18. fxe5 fxe5 19. d4 Nf5 20. Qf3 Nxd4 21. Qxd5+ Kh8 22. Nxd4 exd4 23. Rc2 Rad8 24. Qc6 d3 25. Qxb6 cxb6 26. Rd2 Rd5 27. Rc1 Rfd8 28. Rc7 a5 29. f4 h6 30. Kf2 a4 31. Re7 b5 32. a3 Rd4 33. Ke3 R8d5 34. Re4 Rc4 35. Rxd3 Rxd3+ 36. Kxd3 Rc1 37. Re5 Rg1 38. g4 Rg3+ 39. Kc2 Rxh3 40. Rxb5 Rg3 41. g5 hxg5 42. fxg5 Kh7 43. b3 axb3+ 44. Kb2 Kg6 45. a4 Rd3 46. a5 Kh5 47. a6 Rd7 48. Kxb3 Ra7 49. Ra5 1-0


[Site "https://www.chess.com"]

[Event "Titled Tuesday Blitz August 09 Early 2022"]
[White "Dubov, Daniil"]
[Black "Lehtosaari, Mauri"]
[WhiteFideId "24126055"]
[BlackFideId "501999"]
[WhiteElo "2791"]
[BlackElo "2517"]
[Result "1-0"]
[Round "01"]
[TimeControl "180+1"]
[Date "2022.08.09"]
[WhiteClock "0:01:20"]
[BlackClock "0:00:21"]

1. d4 d5 2. Nf3 Nf6 3. c4 c6 4. Nc3 dxc4 5. a4 Bf5 6. Ne5 Nbd7 7. Nxc4 Nb6 8. Ne3 Bg6 9. a5 Nbd5 10. a6 b6 11. g3 e6 12. Bg2 Rc8 13. O-O Be7 14. Nc4 O-O 15. Ne5 Nxc3 16. bxc3 c5 17. Bb7 Rc7 18. Bf4 Be4 19. Ng4 Rxb7 20. axb7 Bxb7 21. Nxf6+ Bxf6 22. dxc5 Qc8 23. Qd6 1-0


[Site "https://www.chess.com"]

[Event "Titled Tuesday Blitz August 09 Early 2022"]
[White "Ernst, Sipke"]
[Black "Zenin, Dmitry"]
[WhiteFideId "1004689"]
[BlackFideId "4127897"]
[WhiteElo "2436"]
[BlackElo "2215"]
[Result "1-0"]
[Round "01"]
[TimeControl "180+1"]
[Date "2022.08.09"]
[WhiteClock "0:01:03"]
[BlackClock "0:00:06"]

1. d4 Nf6 2. c4 g6 3. Nc3 Bg7 4. e4 d6 5. Nf3 O-O 6. Be2 Na6 7. O-O e5 8. Re1 Bg4 9. Be3 Bxf3 10. Bxf3 exd4 11. Bxd4 Nb4 12. Qd2 Nc6 13. Be3 Nd7 14. Be2 Nc5 15. Bf1 Re8 16. f3 Ne6 17. Nd5 Ncd4 18. Rad1 f5 19. Bd3 Rf8 20. f4 fxe4 21. Bxe4 c6 22. Nc3 Qf6 23. Kh1 Rae8 24. g3 Kh8 25. Bg2 Qd8 26. b4 a6 27. Qf2 Nf5 28. Bb6 Qb8 29. Ne4 h6 30. Bh3 Kh7 31. a3 Rf7 32. Bxf5 1-0


[Site "https://www.chess.com"]

[Event "Titled Tuesday Blitz August 09 Early 2022"]
[White "Ferreira, Vitor Hugo Vieira"]
[Black "Sanal, Vahap"]
[WhiteFideId "2119765"]
[BlackFideId "6300545"]
[WhiteElo "2168"]
[BlackElo "2574"]
[Result "0-1"]
[Round "01"]
[TimeControl "180+1"]
[Date "2022.08.09"]
[WhiteClock "0:00:04"]
[BlackClock "0:02:06"]

1. e4 g6 2. d4 Bg7 3. Nf3 d6 4. Nc3 c6 5. Be2 b5 6. O-O Bb7 7. Re1 Nd7 8. Bf1 Qc7 9. a4 a6 10. axb5 axb5 11. Rxa8+ Bxa8 12. b4 Ngf6 13. Bg5 h6 14. Bh4 g5 15. Bg3 Nh5 16. Qd2 Nxg3 17. hxg3 O-O 18. Ra1 Bb7 19. Nd1 e6 20. c3 Nb6 21. Ne3 c5 22. bxc5 dxc5 23. Bxb5 Bxe4 24. Bd3 Bxf3 25. gxf3 cxd4 26. cxd4 Rd8 27. Ng4 Bxd4 28. Nxh6+ Kf8 29. Qxg5 Bxa1 30. Nxf7 Rxd3 31. Qh6+ Bg7 32. Qxe6 Qxf7 33. Qxb6 Qxf3 0-1


[Site "https://www.chess.com"]

[Event "Titled Tuesday Blitz August 09 Early 2022"]
[White "Fiorito, Joaquin"]
[Black "Yaksin, Oleg"]
[WhiteFideId "180173"]
[BlackFideId "24105880"]
[WhiteElo "1758"]
[BlackElo "2256"]
[Result "0-1"]
[Round "01"]
[TimeControl "180+1"]
[Date "2022.08.09"]
[WhiteClock "0:00:52"]
[BlackClock "0:00:50"]

1. e4 c5 2. Nf3 d6 3. d4 cxd4 4. Nxd4 Nf6 5. Nc3 Nc6 6. Bg5 e6 7. Qd2 Be7 8. O-O-O O-O 9. f4 d5 10. e5 Nd7 11. Bxe7 Qxe7 12. h4 f6 13. exf6 Qxf6 14. g3 Nc5 15. Bg2 Bd7 16. Rhe1 Rad8 17. Kb1 a6 18. Qe3 Nxd4 19. Rxd4 b6 20. Rdd1 a5 21. Qe5 Rc8 22. Bh3 Kh8 23. Qxf6 Rxf6 24. f5 exf5 25. Nxd5 Rd6 26. Ne7 Rxd1+ 27. Rxd1 Rf8 28. Bxf5 Bxf5 29. Nxf5 g6 30. Nd4 Rf2 31. Rg1 Ne4 32. Kc1 Kg7 33. Kd1 Rd2+ 34. Kc1 Rxd4 35. c3 Rd3 36. Kc2 Rxg3 37. Re1 Rg2+ 38. Kd3 Nc5+ 39. Kc4 Rxb2 0-1


[Site "https://www.chess.com"]

[Event "Titled Tuesday Blitz August 09 Early 2022"]
[White "Floresvillar Gonzalez, Luis Migu"]
[Black "Johnson, Donald"]
[WhiteFideId "5100542"]
[BlackFideId "30949122"]
[WhiteElo "2040"]
[BlackElo "1724"]
[Result "0-1"]
[Round "01"]
[TimeControl "180+1"]
[Date "2022.08.09"]
[WhiteClock "0:00:27"]
[BlackClock "0:01:39"]

1. d4 c5 2. e3 cxd4 3. exd4 d5 4. Nf3 Nc6 5. Bd3 Bg4 6. c3 e6 7. O-O Nf6 8. h3 Bh5 9. Bf4 Bd6 10. Bxd6 Qxd6 11. Nbd2 O-O 12. Re1 Rab8 13. a4 a6 14. a5 Qc7 15. b4 Ne7 16. Qc2 Nc8 17. Nb3 Nd6 18. Nc5 Bxf3 19. gxf3 g6 20. f4 Nfe8 21. Re3 Ng7 22. Rg3 Nh5 23. Rg4 Nc8 24. Qd2 Ne7 25. Kh1 Nf5 26. Bxf5 exf5 27. Rh4 Ng7 28. Rg1 h5 29. Rg5 Qe7 30. Nd3 Qe4+ 31. Kh2 Kh7 32. Qe3 Rbe8 33. Rg3 Qxe3 34. fxe3 f6 35. Kg2 Kh6 36. Nc5 g5 37. fxg5+ fxg5 38. Nxb7 gxh4 39. Rf3 Ne6 40. Nd6 Ng5 41. Nxf5+ Kh7 42. Rf4 Rxe3 43. Kf2 Rf3+ 44. Rxf3 Nxf3 0-1


[Site "https://www.chess.com"]